 Dungeon Crawl Stone Soup version 0.25-b1-29-g4cfa5c7 (webtiles) character file.

Game seed: 1832306127754421715, levelgen mode: deterministic

21 Dorkslayer the Skirmisher (level 2, 0/25 HPs)
             Began as a Demonspawn Abyssal Knight on May 31, 2020.
             Was a Follower of Lugonu.
             Succumbed to an adder's poison
             ... on level 2 of the Dungeon.
             The game lasted 00:04:03 (900 turns).

Dorkslayer the Skirmisher (DsAK)                     Turns: 900, Time: 00:04:03

Health: 0/25       AC:  9    Str: 12    XL:     2   Next: 62%
Magic:  3/3        EV: 11    Int: 13    God:    Lugonu [*.....]
Gold:   103        SH:  0    Dex: 12    Spells: 1/1 levels left

rFire    . . .     SeeInvis .   a - +1 hand axe
rCold    . . .     Gourm    .   (no shield)
rNeg     . . .     Faith    .   b - +0 leather armour
rPois    .         Spirit   .   (no helmet)
rElec    .         Reflect  .   (no cloak)
rCorr    .         Harm     .   (no gloves)
MR       .....     Rnd*Tele +   (no boots)
Stlth    +.........             (no amulet)
HPRegen  0.08/turn              i - ring of teleportation (curse)
MPRegen  0.08/turn              (no ring)

@: lethally poisoned (0 -> -3), sanguine armour
A: sanguine armour 1
a: Depart the Abyss, Renounce Religion


You were on level 2 of the Dungeon.
You worshipped Lugonu.
Lugonu was aware of your devotion.
You were not hungry.

You visited 1 branch of the dungeon, and saw 2 of its levels.
You visited the Abyss 1 time.

You collected 103 gold pieces.

Inventory:

Hand Weapons
 a - a +1 hand axe (weapon)
Missiles
 g - 5 javelins (quivered)
Armour
 b - a +0 leather armour (worn)
Jewellery
 i - a cursed ring of teleportation (left hand)
Wands
 f - a wand of digging (5)
Scrolls
 e - a scroll of identify
 h - a scroll of magic mapping
 l - a scroll of enchant weapon {unknown}
 m - a scroll of fear {unknown}
Potions
 d - a potion of mutation
 k - a potion of flight
Comestibles
 c - 4 rations
 j - a chunk of flesh


   Skills:
 * Level 3.7 Fighting
 + Level 1.9 Axes
 * Level 0.1 Throwing
 + Level 1.9 Armour
 + Level 0.8 Dodging
 + Level 2.4 Invocations
 * Level 0.2 Evocations


You had one spell level left.
You didn't know any spells.
Your spell library was empty.

Dungeon Overview and Level Annotations

Branches:
Dungeon (2/15)

Altars:


Innate Abilities, Weirdness & Mutations

When seriously injured, your bleeding wounds create armour. (AC +6)


Message History

You hit the adder but do no damage.
The adder is moderately wounded.
The adder bites you but does no damage. The adder bites you.
* * * LOW HITPOINT WARNING * * *
You are lethally poisoned!
The adder poisons you!
Unknown command.
You hit the adder but do no damage.
The adder is moderately wounded.
* * * LOW HITPOINT WARNING * * *
You feel sick. The adder bites you but does no damage.
You miss the adder.
The adder is moderately wounded.
The adder barely misses you. The adder bites you but does no damage.
You barely miss the adder.
The adder is moderately wounded.
The adder completely misses you.
You completely miss the adder.
The adder is moderately wounded.
You die...

####
#..
#.#
#.#
#@#
#S#
#.#
#.#
#..
###


You could see an adder.

Vanquished Creatures
  An adder (D:2)
  A leopard gecko (D:1)
  3 bats
  2 hobgoblins (D:1)
  A ball python (D:1)
  A frilled lizard (D:1)
  A goblin (D:1)
  2 kobolds (D:2)
12 creatures vanquished.

Notes
Turn   | Place    | Note
-------+----------+-------------------------------------------
     0 | Abyss:1  | Dorkslayer the Demonspawn Abyssal Knight began the quest
                  | for the Orb.
     0 | Abyss:1  | Reached XP level 1. HP: 18/18 MP: 2/2
    35 | Abyss:1  | Noticed a small abomination
    35 | Abyss:1  | Noticed a sixfirhy
    98 | Abyss:2  | Found a corrupted altar of Lugonu.
   100 | Abyss:2  | Noticed a thrashing horror
   103 | D:1      | Escaped the Abyss
   308 | D:1      | Reached * piety under Lugonu
   487 | D:1      | Gained mutation: When seriously injured, your bleeding
                  | wounds create armour. (AC +6) [demonic ancestry]
   487 | D:1      | Reached XP level 2. HP: 24/24 MP: 3/3
   897 | D:2      | HP: 1/25 [poisoned by an adder]
   900 | D:2      | Succumbed to an adder's poison

Illustrated notes

Levels and vault maps discovered:
D:1:      dpeg_arrival_castle, layout_basic
D:2:      layout_loops_ring, nicolae_overflow_quartered_altars

Action                   || total
-------------------------++-------
Melee: Hand axe          ||    35
Invok: Depart the Abyss  ||     1
  Use: Scroll            ||     3
Armor: Leather armour    ||    12
Dodge: Dodged            ||    23
